 Dungeon Crawl Stone Soup version 0.26-b1-32-g5d43845318 (console) character file.

Game seed: 11165652815529253547

123933 ebering the Devastator (level 16, -3/127 HPs)
             Began as a Barachi Air Elementalist on Jan 9, 2021.
             Was a High Priest of Vehumet.
             Killed from afar by Nikola (41 damage)
             ... with a chain lightning
             ... on level 1 of the Snake Pit on Jan 10, 2021.
             The game lasted 03:53:40 (44006 turns).

ebering the Devastator (Barachi Air Elementalist)  Turns: 44006, Time: 03:53:45

Health: -3/127     AC: 20    Str: 10    XL:     16   Next: 91%
Magic:  6/27       EV: 18    Int: 24    God:    Vehumet [*****.]
Gold:   630        SH:  0    Dex: 14    Spells: 5/29 levels left

rFire    . . .     SeeInvis .   a - +4 lajatang
rCold    . . .     Faith    .   (shield currently unavailable)
rNeg     . . .     Spirit   .   f - +1 acid dragon scales
rPois    +         Reflect  .   g - +2 helmet {Int+3}
rElec    .         Harm     .   c - +2 cloak
rCorr    +         Rampage  .   O - +0 pair of gloves
Will     ++...                  q - +2 pair of boots
Stlth    ++........             N - amulet of the acrobat
HPRegen  0.31/turn              t - ring of willpower
MPRegen  0.20/turn              r - ring of poison resistance

@: can't hop, slow
A: +LOS, swims, slowness 1, strong legs 2
a: Hop, Renounce Religion


You were on level 1 of the Snake Pit.
You worshipped Vehumet.
Vehumet was extremely pleased with you.
You visited 5 branches of the dungeon, and saw 25 of its levels.

You collected 3335 gold pieces.
You spent 2705 gold pieces at shops.


Innate Abilities, Weirdness & Mutations

You can be seen from farther away. (+LOS)
You can swim through water.
You cover ground slowly.
You can hop long distances.


   Skills:
 - Level 12.0 Fighting
 + Level 13.2 Staves
 - Level 8.0 Armour
 - Level 12.0 Dodging
 - Level 3.0 Stealth
 + Level 7.3 Spellcasting
 - Level 16.0 Conjurations
 - Level 9.0 Ice Magic
 - Level 14.0 Air Magic


Message History

Aiming: Orb of Destruction (dangerous; 3% risk of failure)
Press: ? - help, Q - select action, (/) - cycle Shift-Dir - straight line, f - mana viper
Aim: a mana viper (almost dead)
* * * LOW MAGIC WARNING * * *
The wavering orb of destruction hits the mana viper!!!
You blow up the mana viper!
Vehumet accepts your kill.
You feel your power returning.
Your tin of tremorstones (1/2) has regained one charge.
You start resting.
A salamander comes into view. It is wielding a +0 trident.
Use which ability? (? or * to list) Hop to where?
Press: ? - help, Dir - move target Boing!
Nikola shouts!
Nikola casts a spell.
You hear a mighty clap of thunder!
The lightning arc hits you!!!
You die...

·▒ ▒▒····▒▒▒ ··▒
▒····▒▒▒ ··▒ ▒····‱··▒▒
··▒▒ ··········▒
▒···▒▒▒ ···········
▒▒······▒·
···▒·······▒▒▒···N·····
·▒▒▒▒▒▒····@▒▒✢··▒▒····
▒····)··▒▒ ▒▒·@····▒
▒·····?▒▒▒ ········▒▒▒
·▒▒▒··▒▒▒▒ ···· ·····
▒▒··· ▒▒▒


You could see Nikola and a salamander.


You had 5 spell levels left.
You knew the following spells:

 Your Spells              Type           Power        Failure   Level
a - Orb of Destruction    Conj           35%          3%          7
b - Conjure Ball Lightni  Conj/Air       34%          1%          6
d - Static Discharge      Conj/Air       69%          1%          3
s - Airstrike             Air            33%          1%          4
P - Passwall              Tmut/Erth      6%           16%         2
S - Swiftness             Air            66%          1%          2

Your spell library contained the following spells:

 Spells                   Type           Power        Failure   Level
 Bolt of Magma            Conj/Fire/Erth 17%          9%          5
 Shock                    Conj/Air       100%         0%          1
 Freeze                   Ice            100%         1%          1
 Poisonous Vapours        Pois/Air       84%          1%          2
 Frozen Ramparts          Ice            100%         1%          3
 Mephitic Cloud           Conj/Pois/Air  54%          1%          3
 Ozocubu's Armour         Ice            51%          1%          3
 Stone Arrow              Conj/Erth      94%          1%          3
 Hailstorm                Conj/Ice       62%          1%          4
 Lightning Bolt           Conj/Air       34%          1%          5
 Sandblast                Erth           16%          2%          1
 Ignite Poison            Fire/Tmut/Pois 8%           9%          3
 Animate Skeleton         Necr           16%          10%         1
 Pain                     Necr           32%          10%         1
 Sting                    Tmut/Pois      32%          10%         1
 Summon Ice Beast         Ice/Summ       30%          16%         4
 Olgreb's Toxic Radiance  Pois           8%           24%         4
 Confusing Touch          Hex            8%           30%         3
 Gell's Gravitas          Tloc           4%           30%         3
 Vampiric Draining        Necr           4%           30%         3
 Metabolic Englaciation   Hex/Ice        15%          41%         5
 Lee's Rapid Deconstruct  Erth           4%           54%         5
 Yara's Violent Unravell  Hex/Tmut       4%           54%         5
 Animate Dead             Necr           4%           69%         4
 Petrify                  Tmut/Erth      8%           69%         4
 Agony                    Necr           8%           95%         5
 Freezing Cloud           Conj/Ice/Air   31%          2%          6
 Ozocubu's Refrigeration  Ice            25%          11%         6

Inventory:

Hand Weapons
 a - a +4 lajatang (weapon)
Missiles
 y - 2 throwing nets
Armour
 c - a +2 cloak (worn)
 f - +1 acid dragon scales (worn)
 g - a +2 helmet of intelligence (worn)
 q - a +2 pair of boots (worn)
 O - a +0 pair of gloves (worn)
Magical Staves
 b - an uncursed staff of conjuration
Jewellery
 r - a ring of poison resistance (right hand)
 t - a ring of willpower (left hand)
 N - an amulet of the acrobat (around neck)
Wands
 A - a wand of acid (5)
 D - a wand of digging (10)
 E - a wand of enslavement (1)
 F - a wand of flame (110)
 I - a wand of iceblast (6)
 M - a wand of polymorph (9)
 P - a wand of paralysis (11)
 X - a wand of random effects (24)
Scrolls
 d - a scroll of identify
 e - 2 scrolls of immolation
 h - 22 scrolls of remove curse
 k - 4 scrolls of enchant weapon
 m - 6 scrolls of fog
 n - a scroll of holy word
 p - 4 scrolls of magic mapping
 s - a scroll of teleportation
 v - a scroll of amnesia
 K - a scroll of blinking
 Q - 4 scrolls of vulnerability
Potions
 i - 3 potions of might
 j - 5 potions of flight
 l - a potion of invisibility
 o - 11 potions of curing
 u - 3 potions of heal wounds
 w - 5 potions of mutation
 x - 2 potions of brilliance
 z - 2 potions of cancellation
 B - 4 potions of haste
 C - a potion of magic
 G - a potion of berserk rage {!q}
 H - a potion of resistance
 J - 3 potions of lignification
Miscellaneous
 L - a phial of floods
 T - a tin of tremorstones (1/2)

Dungeon Overview and Level Annotations

Branches:
Dungeon (15/15)            Temple (1/1) D:6            Lair (6/6) D:11
 Shoals (0/4) Lair:2        Snake (1/4) Lair:4        Slime (0/5) Lair:6
    Orc (2/2) D:9             Elf (0/3) Orc:2        Vaults (0/5) D:14
 Depths (0/5) D:15

Altars:
Ashenzari
Fedhas
Makhleb
Vehumet
Xom
Beogh
Lugonu

Shops:
D:5 [   D:7 !!   D:15 !   Orc:2 [*}(

Portals:
Abyss: Lair:4

Annotations:
D:2 exclusion: door
D:8 4 runed translucent doors
D:10 exclusion: 3 doors
D:14 exclusion: 2 oklob plants
Snake:1 Nikola

Notes
Turn   | Place    | Note
-------+----------+-------------------------------------------
     0 | D:1      | ebering the Barachi Air Elementalist began the quest for
                  | the Orb.
     0 | D:1      | Reached XP level 1. HP: 13/13 MP: 3/3
   307 | D:1      | Reached XP level 2. HP: 19/19 MP: 3/5
   436 | D:1      | Learned a level 2 spell: Swiftness
   577 | D:1      | Reached skill level 2 in Stealth
   792 | D:1      | Reached skill level 4 in Air Magic
   831 | D:1      | Reached XP level 3. HP: 23/24 MP: 3/6
   891 | D:1      | Learned a level 3 spell: Static Discharge
   969 | D:1      | Reached skill level 2 in Conjurations
  1388 | D:2      | >>gros open
  1610 | D:2      | Reached XP level 4. HP: 30/30 MP: 5/7
  1843 | D:2      | >>oh no heeat door
  2252 | D:2      | Reached XP level 5. HP: 35/35 MP: 5/8
  2365 | D:2      | Reached skill level 5 in Air Magic
  2578 | D:2      | Found a runed translucent door.
  2579 | D:2      | Identified a +3 quarterstaff of chaos
  2579 | D:2      | Noticed Crazy Yiuf
  2609 | D:2      | Killed Crazy Yiuf
  2821 | D:2      | Reached skill level 3 in Stealth
  2982 | D:2      | Reached skill level 3 in Conjurations
  3316 | D:3      | >>hi
  3877 | D:3      | Reached XP level 6. HP: 37/41 MP: 7/9
  4049 | D:3      | Reached skill level 6 in Air Magic
  4476 | D:4      | Reached skill level 4 in Conjurations
  4981 | D:4      | Reached XP level 7. HP: 37/46 MP: 1/10
  5135 | D:4      | Reached skill level 5 in Conjurations
  5742 | D:5      | Entered Level 5 of the Dungeon
  5790 | D:5      | Found Dibustronk's Antique Armour Emporium.
  5847 | D:5      | Bought an embroidered robe for 99 gold pieces
  6200 | D:5      | Reached skill level 1 in Fighting
  6200 | D:5      | Reached skill level 6 in Conjurations
  6302 | D:5      | Found a radiant altar of Vehumet.
  6321 | D:5      | >>well
  6434 | D:5      | Reached skill level 2 in Fighting
  6434 | D:5      | Reached skill level 3 in Dodging
  6434 | D:5      | Reached skill level 7 in Air Magic
  6592 | D:5      | Reached XP level 8. HP: 57/57 MP: 8/11
  6731 | D:5      | Reached skill level 3 in Fighting
  6738 | D:5      | Learned a level 4 spell: Airstrike
  6996 | D:5      | Reached skill level 4 in Dodging
  7061 | D:5      | Became a worshipper of Vehumet
  7170 | D:6      | Reached skill level 3 in Spellcasting
  7337 | D:6      | Found a staircase to the Ecumenical Temple.
  7567 | D:5      | Bought a glowing leather armour for 135 gold pieces
  7577 | D:5      | >>nice
  7713 | D:6      | Reached skill level 5 in Dodging
  7713 | D:6      | Reached skill level 4 in Spellcasting
  7820 | D:6      | >>no
  7820 | D:6      | >>why
  8176 | D:6      | Reached skill level 6 in Dodging
  8280 | D:6      | Reached skill level 4 in Fighting
  8280 | D:6      | Reached XP level 9. HP: 65/65 MP: 10/15
  8401 | D:6      | Reached * piety under Vehumet
  8401 | D:6      | Offered knowledge of Freeze by Vehumet.
  8765 | D:6      | >>where did you assholes get these might potions augh
  8831 | Temple   | Entered the Ecumenical Temple
  9101 | D:6      | Reached skill level 5 in Fighting
  9101 | D:6      | Reached skill level 8 in Air Magic
  9107 | D:6      | Learned a level 5 spell: Lightning Bolt
  9551 | D:7      | Identified the Guide on Toxic Feathers
  9655 | D:7      | Found Nuthry's Distillery.
  9889 | D:7      | Found Xuxkeb's Distillery.
 10139 | D:8      | Noticed a two-headed ogre
 10495 | D:8      | Found a large runed translucent door.
 10496 | D:8      | Found a large runed translucent door.
 10496 | D:8      | Noticed Maurice
 10508 | D:8      | Killed Maurice
 10509 | D:8      | Reached skill level 6 in Fighting
 10509 | D:8      | Found a large runed translucent door.
 10509 | D:8      | Found a large runed translucent door.
 10515 | D:8      | Noticed a guardian serpent
 10515 | D:8      | a spriggan changed into a guardian serpent
 10519 | D:8      | Noticed a harpy
 10519 | D:8      | a guardian serpent changed into a harpy
 10525 | D:8      | a harpy changed into a spriggan
 10613 | D:8      | Noticed a komodo dragon
 10613 | D:8      | an eye of draining changed into a komodo dragon
 10709 | D:8      | >>hm
 10842 | D:8      | Noticed an elephant
 10890 | D:8      | Noticed a two-headed ogre
 10909 | D:8      | Reached skill level 7 in Conjurations
 10919 | D:8      | Reached skill level 9 in Air Magic
 11086 | D:8      | Reached skill level 7 in Fighting
 11379 | D:8      | Reached XP level 10. HP: 79/79 MP: 7/16
 11497 | D:8      | >>hi
 11666 | D:8      | Noticed a stone giant
 11667 | D:8      | >>oh no why
 11961 | D:8      | Offered knowledge of Foxfire by Vehumet.
 11962 | D:8      | Reached skill level 8 in Conjurations
 12011 | D:8      | Reached ** piety under Vehumet
 12120 | D:8      | Noticed Harold
 12121 | D:8      | >>oh
 12137 | D:8      | Killed Harold
 12138 | D:8      | Reached skill level 10 in Air Magic
 12138 | D:8      | Reached skill level 7 in Dodging
 12397 | D:8      | Killed a two-headed ogre
 12531 | D:8      | Noticed an elephant
 12533 | D:8      | an elephant changed into a yaktaur
 12627 | D:8      | Noticed Maggie
 12628 | D:8      | >>hi
 12628 | D:8      | >>pain axe
 12758 | D:8      | Noticed a cane toad
 12765 | D:8      | Noticed an orb spider
 12785 | D:8      | Killed Maggie
 12786 | D:8      | Reached skill level 9 in Conjurations
 12829 | D:8      | Noticed a cane toad
 12909 | D:8      | Reached skill level 5 in Spellcasting
 13038 | D:8      | Noticed a salamander
 13273 | D:9      | Found a staircase to the Orcish Mines.
 13563 | D:5      | Bought a runed scarf for 216 gold pieces
 13720 | D:9      | Identified a +3 dagger of chaos
 13720 | D:9      | Noticed Psyche
 13737 | D:9      | Killed Psyche
 13953 | D:9      | Reached XP level 11. HP: 65/84 MP: 14/18
 13991 | D:9      | Reached skill level 11 in Air Magic
 14609 | D:9      | Offered knowledge of Ignite Poison by Vehumet.
 14668 | D:10     | Entered Level 10 of the Dungeon
 14670 | D:10     | >>why
 14673 | D:10     | Reached skill level 10 in Conjurations
 14684 | D:10     | >>gotem
 14815 | D:10     | >>those potions are ambrosia
 15241 | D:10     | Killed an unseen horror
 15348 | D:10     | Reached skill level 12 in Air Magic
 15588 | D:10     | Reached *** piety under Vehumet
 15869 | D:7      | Bought a potion of brilliance for 44 gold pieces
 15869 | D:7      | Bought a potion of heal wounds for 55 gold pieces
 16007 | D:11     | Reached skill level 1 in Armour
 16072 | D:11     | Noticed a brown ugly thing
 16073 | D:11     | >>hi
 16085 | D:11     | Killed a brown ugly thing
 16098 | D:11     | Noticed Fannar
 16099 | D:11     | >>gr
 16262 | D:11     | Reached skill level 2 in Armour
 16303 | D:11     | Found a frozen archway.
 16303 | D:11     | Noticed an ice dragon
 16304 | D:11     | >>...
 16304 | D:11     | >>an ice dragon
 16308 | D:11     | Noticed a cyclops
 16308 | D:11     | >>ow
 16338 | D:11     | Learned a level 2 spell: Passwall
 16341 | D:11     | >>cool play
 16514 | D:10     | >>wow cursed floor
 16596 | D:11     | Found a staircase to the Lair.
 16623 | D:11     | Offered knowledge of Inner Flame by Vehumet.
 16791 | D:10     | Reached skill level 3 in Armour
 16874 | D:11     | Killed a cyclops
 17122 | D:11     | Reached skill level 6 in Spellcasting
 17171 | D:11     | Noticed Grum
 17186 | D:11     | Killed Grum
 17187 | D:11     | Reached skill level 8 in Dodging
 17203 | D:10     | Reached skill level 4 in Armour
 18338 | D:11     | Killed an ice dragon
 18339 | D:11     | Reached XP level 12. HP: 91/91 MP: 6/21
 18355 | D:11     | >>why
 18371 | D:11     | Reached skill level 9 in Dodging
 18371 | D:11     | Reached skill level 13 in Air Magic
 18692 | Lair:1   | Entered Level 1 of the Lair of Beasts
 18696 | Lair:1   | >>a second pack
 18697 | Lair:1   | Noticed an eight-headed hydra
 18708 | Lair:1   | Killed an eight-headed hydra
 19019 | D:11     | Reached **** piety under Vehumet
 19447 | D:11     | Reached skill level 10 in Dodging
 19771 | Lair:1   | Offered knowledge of Conjure Flame by Vehumet.
 20028 | Lair:1   | Reached skill level 14 in Air Magic
 20035 | Lair:1   | Learned a level 6 spell: Freezing Cloud
 20238 | Lair:1   | Reached skill level 1 in Ice Magic
 20654 | Lair:1   | Reached skill level 2 in Ice Magic
 21165 | Lair:2   | Found a broken altar of Ashenzari.
 21166 | Lair:2   | Noticed Gastronok
 21177 | Lair:2   | Killed Gastronok
 21178 | Lair:2   | Reached skill level 8 in Fighting
 21178 | Lair:2   | Reached skill level 3 in Ice Magic
 21453 | Lair:2   | Noticed an eight-headed hydra
 21463 | Lair:2   | Killed an eight-headed hydra
 21464 | Lair:2   | Reached skill level 4 in Ice Magic
 21817 | Lair:2   | Gained mutation: You can hop long distances. [Barachi
                  | growth]
 21817 | Lair:2   | Reached XP level 13. HP: 99/99 MP: 13/22
 22008 | Lair:2   | Noticed Erica
 22016 | Lair:2   | Reached skill level 11 in Dodging
 22018 | Lair:2   | >>nice
 22111 | Lair:2   | Reached skill level 5 in Ice Magic
 22112 | Lair:2   | Reached skill level 9 in Fighting
 22120 | Lair:2   | Reached ***** piety under Vehumet
 22388 | Lair:2   | Found a staircase to the Shoals.
 22654 | Lair:2   | Killed Erica
 22655 | Lair:2   | Reached skill level 6 in Ice Magic
 22875 | Lair:3   | Identified a scroll of acquirement
 22876 | Lair:3   | Acquired 737 gold pieces
 23028 | D:7      | Bought a potion of haste for 110 gold pieces
 23028 | D:7      | Bought a potion of haste for 110 gold pieces
 23028 | D:7      | Bought a potion of mutation for 88 gold pieces
 23028 | D:7      | Bought a potion of ambrosia for 88 gold pieces
 23028 | D:7      | Bought 2 potions of flight for 66 gold pieces
 23028 | D:7      | Bought a potion of magic for 88 gold pieces
 23028 | D:7      | Bought a potion of curing for 33 gold pieces
 23028 | D:7      | Bought a potion of resistance for 110 gold pieces
 23028 | D:7      | Bought a potion of resistance for 110 gold pieces
 23028 | D:7      | Bought a potion of haste for 110 gold pieces
 23028 | D:7      | Bought a potion of lignification for 33 gold pieces
 23028 | D:7      | >>Good acquire
 23184 | Lair:3   | Offered knowledge of Orb of Destruction by Vehumet.
 23185 | Lair:3   | >>yes
 23195 | Lair:3   | Learned a level 7 spell: Orb of Destruction
 23688 | Lair:3   | Reached skill level 10 in Fighting
 23701 | Lair:3   | Reached skill level 7 in Ice Magic
 23897 | Lair:3   | >>hm kinda want an lbolt rn
 24131 | Lair:3   | Reached skill level 8 in Ice Magic
 24632 | Lair:4   | Reached skill level 11 in Conjurations
 25571 | Lair:4   | Reached skill level 12 in Conjurations
 26865 | Lair:4   | Reached XP level 14. HP: 84/110 MP: 3/23
 27015 | Lair:4   | Found a staircase to the Snake Pit.
 27068 | Lair:4   | Found a one-way gate to the infinite horrors of the Abyss.
 27069 | Lair:4   | Found a corrupted altar of Lugonu.
 27492 | Lair:5   | Reached skill level 13 in Conjurations
 28722 | Lair:6   | Entered Level 6 of the Lair of Beasts
 29587 | Lair:6   | >>ruhroh
 29595 | Lair:6   | Reached skill level 14 in Conjurations
 29607 | Lair:6   | Reached skill level 5 in Armour
 29882 | Lair:6   | Found a staircase to the Slime Pits.
 29959 | Lair:6   | Reached skill level 6 in Armour
 30297 | Lair:6   | Offered knowledge of Irradiate by Vehumet.
 31009 | Lair:6   | >>oh its this one
 31114 | Lair:6   | Reached skill level 7 in Armour
 31114 | Lair:6   | Reached skill level 12 in Dodging
 31295 | Lair:6   | Reached skill level 1 in Staves
 31545 | Lair:6   | Reached skill level 2 in Staves
 31666 | Lair:6   | Reached skill level 7 in Spellcasting
 31666 | Lair:6   | >>ladies n gentlemen, we gotem
 32032 | Orc:1    | Entered Level 1 of the Orcish Mines
 32087 | Orc:1    | Reached skill level 3 in Staves
 32087 | Orc:1    | Reached skill level 8 in Armour
 32296 | Orc:2    | Entered Level 2 of the Orcish Mines
 32296 | Orc:2    | Found a staircase to the Elven Halls.
 32296 | Orc:2    | Found a roughly hewn altar of Beogh.
 32826 | Orc:2    | Reached XP level 15. HP: 111/115 MP: 9/25
 32861 | Orc:2    | Reached skill level 15 in Conjurations
 32882 | Orc:2    | Offered knowledge of Ozocubu's Refrigeration by Vehumet.
 33036 | Orc:1    | Learned a level 6 spell: Ozocubu's Refrigeration
 33609 | Orc:2    | Reached skill level 9 in Ice Magic
 33937 | Orc:2    | Found Ysaod's Armour Shop.
 33938 | Orc:2    | Found Vatih's Gadget Shoppe.
 33938 | Orc:2    | Found Noycloat's Antique Weapon Boutique.
 33938 | Orc:2    | Found Siqoen's General Store.
 33955 | Orc:2    | Bought a +2 helmet of intelligence for 322 gold pieces
 33971 | Orc:1    | >>oop
 35111 | Orc:1    | Reached skill level 16 in Conjurations
 35124 | Orc:1    | Noticed Erolcha
 35127 | Orc:1    | Killed Erolcha
 35569 | Orc:2    | Reached skill level 4 in Staves
 35773 | Orc:2    | Bought a glowing lajatang for 468 gold pieces
 35887 | D:11     | >>ok lets go
 35890 | D:11     | Killed Fannar
 35970 | D:11     | Learned a level 6 spell: Freezing Cloud
 36681 | D:12     | Offered knowledge of Iron Shot by Vehumet.
 36682 | D:12     | Reached skill level 5 in Staves
 37448 | D:13     | Reached skill level 11 in Fighting
 38446 | D:13     | Reached skill level 6 in Staves
 39459 | D:14     | Reached skill level 7 in Staves
 39577 | D:14     | Reached XP level 16. HP: 117/127 MP: 21/26
 39771 | D:14     | Reached skill level 12 in Fighting
 40067 | D:14     | Reached skill level 8 in Staves
 40156 | D:14     | Found a blossoming altar of Fedhas.
 40498 | D:14     | Reached skill level 9 in Staves
 40500 | D:14     | Offered knowledge of Conjure Ball Lightning by Vehumet.
 40708 | D:14     | Reached skill level 10 in Staves
 41015 | D:14     | Found a gate to the Vaults.
 41026 | D:14     | Reached skill level 11 in Staves
 41146 | D:14     | Found a shimmering altar of Xom.
 41146 | D:14     | Found a shimmering altar of Xom.
 41147 | D:14     | Found a shimmering altar of Xom.
 41159 | D:14     | Found a shimmering altar of Xom.
 41159 | D:14     | Found a shimmering altar of Xom.
 41164 | D:14     | Found a shimmering altar of Xom.
 41165 | D:14     | Found a shimmering altar of Xom.
 41165 | D:14     | Found a shimmering altar of Xom.
 41289 | D:15     | Entered Level 15 of the Dungeon
 41306 | D:14     | Learned a level 6 spell: Conjure Ball Lightning
 41363 | D:15     | >>hm
 41364 | D:15     | >>cursed
 41422 | D:15     | >>oh he's no longer flamed
 41775 | D:15     | Reached skill level 12 in Staves
 41805 | D:15     | >>why
 42326 | D:15     | Found a burning altar of Makhleb.
 42343 | D:15     | >>oh, thats the issue
 42850 | D:15     | Offered knowledge of Bolt of Magma by Vehumet.
 42857 | D:15     | Reached skill level 13 in Staves
 43008 | D:15     | Found Zuqud's Distillery.
 43017 | D:15     | Bought a potion of brilliance for 60 gold pieces
 43017 | D:15     | Bought a potion of heal wounds for 75 gold pieces
 43017 | D:15     | Bought a potion of might for 60 gold pieces
 43017 | D:15     | Bought a potion of brilliance for 60 gold pieces
 43017 | D:15     | Bought a potion of magic for 120 gold pieces
 43017 | D:15     | Bought a potion of curing for 45 gold pieces
 43048 | D:15     | Found a staircase to the Depths.
 43349 | Snake:1  | Entered Level 1 of the Snake Pit
 43368 | Snake:1  | Noticed Louise
 43715 | Snake:1  | Noticed Nikola
 43838 | Snake:1  | >>hi
 43940 | Snake:1  | >>why do those explode bigger
 43955 | Snake:1  | Killed Louise
 44006 | Snake:1  | Killed from afar by Nikola

Illustrated notes ········▒◼▒▒◼▒·▒▒ b···············▒ ················▒ ·b··············▒ ················▒ ····>···········▒ ················▒ ····!···········▒ ······[··@······▒ ············<···▒ ···············‰▒ ···········‰····▒ ················▒ ······▒▒▒▒▒▒·▒◼▒▒ ······ ▒·▒ ······ ▒[▒ ··?·· ▒·▒ Turn 1388 on D:2: gros open ·· ▒‰▒▒▒▒▒▒ ▒▒ ▒······· ▒▒▒ ▒······· ▒▒)▒▒▒▒▒▒▒ ▒······· ▒·▒J▒····▒▒▒▒▒······· ▒·▒·▒·····▒▒·▒······· ▒·▒⸬▒···[··⸬········· ▒·▒········⸬)·▒······ ▒·▒·@······⸬·▒▒··)··· ▒J▒·······▒▒()(·····( ▒·❦·❦··⸬▒▒······▒▒▒▒(······· ▒······▒ ▒▒▒▒▒▒▒▒ ▒········ ▒▒▒▒▒▒▒ ▒········ ▒······(· ▒·····‱·· ▒········ ▒······(· Turn 1843 on D:2: oh no heeat door ·····▒▒ ▒·oo···▒ ······▒ ▒····o·▒ ····▒·▒ ▒······▒ ····▒·▒ ▒··ol··▒ ····▒·▒ ▒······▒ ····▒·▒ ⸬▒▒▒▒·· ·▒ ·▒ ▒▒▒▒▒···▒▒· ·▒▒▒▒▒··▒· ▒·@o····⸬⸬· ·········· ▒·▒··o···▒· ·▒▒▒▒▒▒··· ▒·▒··oo··▒ ·▒ ▒·▒····oo▒ ▒▒ ▒·▒··b·o·▒ ▒·▒······▒ ▒·▒o·····▒ ▒·▒·····?▒ ▒·▒·····=▒ Turn 3316 on D:3: hi ≣≣≣≣≣ ≣≣···≣ ≣≣····· ≣◼≣ ≣≣≣······ ≣·≣ ≣·····✺·· ≣·≣ ≣·≣······ !≣≣≣≣≣≣≣≣≣·≣≣ ≣≣·≣≣····· ········≣···≣≣≣≣··≣≣≣···≣ ≣·@···········≣≣≣≣≣ ≣≣≣···≣≣≣≣≣≣≣≣≣ ≣≣·≣≣ ≣·≣ ≣·≣ ≣·≣ ≣·≣ ≣·≣ ≣·≣ Turn 6321 on D:5: well ≣≣·≣·≣≣≣··≣ ≣·≣ ≣·······≣ ≣·≣≣·≣≣≣≣·≣≣≣·≣≣ ≣·≣≣≣≣≣·≣ ≣·≣≣···········≣≣ ≣·≣ ≣·≣ ≣·≣≣··≣≣≣·≣·····≣ ≣·≣ ≣·≣ ≣≣·≣··≣≣··≣≣···≣≣ ≣·≣ ≣≣·≣≣ ≣≣···≣·≣·≣≣≣·≣≣≣≣≣≣·≣ ≣≣···≣≣ ≣·······≣ ≣········≣ ≣··≣··≣ ≣·≣·≣≣·≣≣ ≣·≣≣≣≣≣≣≣≣ ≣·≣≣≣·≣ ≣·≣·≣≣·≣ ≣≣@≣≣ ≣··≣··≣ ≣≣·≣·≣≣·≣≣≣···≣≣ ≣≣···≣≣ ≣≣····≣≣·≣≣·····≣≣ ≣≣≣≣·≣≣ ≣≣········≣·······≣≣ ≣≣·≣≣·≣ ≣[····≣≣···········≣≣≣≣···≣·≣≣≣ ≣··················⸬······>···· ≣··················≣≣≣≣·······≣ ≣·····≣≣·≣≣·······≣≣ ≣≣·≣≣·≣·≣ ≣·····≣≣·≣≣≣·····≣≣ ≣·≣≣·≣·≣ Turn 7577 on D:5: nice ▒▒·▒▒ ▒ ▒·▒ ▒· ▒·▒ ▒· ▒·▒▒ ▒··▒ ▒▒▒▒· ▒▒·▒ ▒▒▒▒······ ▒·▒ ▒······oo· ▒·▒ ▒o▒ ▒·▒ ▒@▒ ▒·▒▒▒·▒ ▒···)·▒ ▒▒▒▒▒▒▒ Turn 7820 on D:6: no ▒··▒▒·······▒▒▒·▒▒▒·▒·▒ ▒·▒ ▒▒·········▒▒ ▒·▒ ▒···▒ ▒·▒▒▒ ▒▒·▒▒▒▒····▒▒▒·▒▒▒▒▒·▒ ▒··)· ▒·▒ ▒▒▒▒▒·▒▒···▒···▒ ▒·▒·▒ ▒▒·▒ ▒·▒▒▒▒·▒·▒▒▒ ▒·▒·▒ ▒▒·▒▒▒▒▒▒▒▒▒·▒▒▒····▒▒▒▒ ▒·▒·▒ ▒·▒▒▒·······)[··o······▒ ▒·▒·▒ ··▒ ▒·▒▒▒▒▒▒·▒▒▒o▒▒▒▒▒·▒ ▒·▒·▒ ··▒▒▒·▒▒ ▒·▒ ▒@▒▒ ▒▒·▒▒▒▒▒▒·▒·▒ ▒······▒ ▒·▒▒·▒·▒▒▒·········▒·▒ ·······▒ ▒···▒▒▒·····▒▒▒▒▒▒▒▒·▒ ··▒▒▒▒·▒▒▒▒▒▒▒▒·▒·▒▒▒▒·▒▒▒▒▒▒▒▒·▒ ▒▒▒ ▒·········)·▒▒ ▒··········▒ ▒▒▒▒▒▒▒▒▒▒▒▒▒ ▒▒▒▒▒▒▒▒▒▒▒▒ Turn 8765 on D:6: where did you assholes get these might potions augh ·········[··<······▒ [·········▒·····(··· ············▒···▒··· ··········▒·▒·····▒· ···········[···▒·▒▒▒ ···········▒▒·▒▒···▒ ···········O···▒▒▒·▒ ·≣≣≣≣≣≣········▒ ▒·▒ ≣≣·@··≣≣··▒▒▒▒▒▒▒▒·· ≣·≣≣≣≣·≣············ ≣·≣ ≣··≣(···)···▒▒▒▒ ≣z≣≣·≣·◼·≣≣◼◼≣≣··▒ ≣··≣≣≣≣≣≣≣⁑l·⁑≣ ·▒ ≣≣· ≣⁑····⁑≣ ≣≣ ≣)····?≣· ≣}····)≣·▒ ≣⁑····⁑≣·▒ Turn 10709 on D:8: hm ····················Z····y······· ····▒·▒⁑▒▒▒⁑▒▒···▒▒⁑▒▒▒⁑▒··▒▒▒▒▒· )▒▒·▒▒▒▒▒ ▒▒▒▒···▒▒▒▒▒▒▒▒···‰···· ·▒▒·▒ ▒⁑···⁑▒▒···▒▒▒·▒▒▒▒▒· [···▒▒ ▒▒ ▒▒···▒▒·········▒▒ · ·····▒▒▒···· ▒··Z▒▒▒▒··▒▒▒···▒▒ · ············▒▒···▒▒▒···▒ ▒>▒··▒[· ············▒⁑···⁑▒▒··▒▒▒▒·▒▒·▒·· ············▒▒··@▒▒···▒▒········· ·················▒···▒▒▒········· ················▒▒··▒▒▒▒·····▒▒·· ················▒▒··▒▒·······▒ ·· ··············O·▒··▒▒··▒·····▒ ▒▒ ···················▒▒·▒▒▒▒▒·▒▒ ▒ ···············▒······▒▒▒ ▒··▒ ▒ ··········[···▒)·······«▒▒▒▒·▒▒ ▒ ·▒····▒·[▒▒▒▒▒▒····▒▒▒▒····▒··▒▒▒ Turn 11497 on D:8: hi ▒▒·················▒▒▒·▒▒·>····· ▒▒····≣≣≣≣≣≣········▒ ▒·▒▒▒▒▒(▒▒≣ ·····≣≣)···≣≣··▒▒▒▒▒▒▒▒··(····▒ ·····≣·≣≣≣≣·≣···············>·≣ ·····≣·≣)≣··≣(···[···▒▒▒▒▒▒▒·≣≣ ▒▒▒··≣‰≣≣·≣·⸬·≣≣◼◼≣≣··▒ ▒·≣ ▒··≣··≣≣≣≣≣≣≣⁑··⁑≣≣·▒ ▒·≣ ▒·)≣≣····≣ ≣⁑·h·C⁑≣·▒ ▒·≣ ▒···≣≣≣≣≣≣ ≣)·@··?≣·▒ ▒·≣ ▒···≣ ≣}····)≣·▒ ▒·≣ ▒··≣≣ ≣⁑····⁑≣·▒▒ ▒·≣ ▒··≣ ≣≣≣⁑··⁑≣≣··▒ ▒·≣ ▒··≣ ◼·≣≣◼◼≣≣···▒▒▒▒▒·≣≣ ▒▒·≣ ≣·[···············≣≣ ▒·≣ ≣·········▒▒▒▒▒▒▒··≣≣ ▒·≣≣ ≣≣··▒▒▒▒▒▒▒▒ ▒▒··≣ ▒··≣≣≣≣≣≣···▒ ▒▒·· Turn 11667 on D:8: oh no why ·⁑ ···@o ·▒ ······· ·▒ ▒······ ·▒▒ ▒▒·· ··· ·⁑▒ ··· ··· ·▒▒▒▒ ▒▒▒▒·▒ ▒·▒ ·▒▒⁑▒▒▒⁑▒▒·▒ ▒·▒ )··········▒▒▒▒▒·▒▒▒▒▒ ·····(··········@····▒ ····Z················▒ ·▒▒⁑▒▒▒⁑▒··▒▒▒▒▒·▒▒▒▒▒ ·▒▒▒▒▒▒▒▒········▒▒▒▒▒▒▒▒▒▒▒▒ ·⁑▒▒···▒▒▒·▒▒▒▒▒······▒·····▒▒ ·▒▒·········▒▒▒▒·············▒▒ ·▒▒▒▒··▒▒▒···▒▒··············(▒ ·▒▒▒···▒ ▒>▒··▒[··············▒ ·⁑▒▒··▒▒▒▒·▒▒·▒····‰··········▒ Turn 12121 on D:8: oh ··▒ ▒·≣ ≣▒▒S≈ ··▒▒▒▒▒·≣≣ ≣≣≣▒▒≈≈· ·········≣≣ ▒▒▒▒≈≈·· ·▒▒▒▒▒▒▒··≣≣ ≈▒≈≈≈··· ▒▒ ▒▒··≣≣ ·······≣ ▒▒··≣≣ ······≣ ▒▒··≣≣ ··@·▒≣ ▒▒··≣≣≣⸬⸬⸬≣ ▒▒···@···▒ ▒▒▒▒▒▒▒▒▒ Turn 12628 on D:8: hi ▒·!y‰··y·▒ ▒!yy·!y!·▒ ▒!y·yy··y ▒···yyy· ▒yy···y ··[!y ·yy ▒▒y▒ ▒·@▒ ▒··▒▒ ▒·▒ ▒·· ▒· ▒· ▒ Turn 14670 on D:10: why ▒·!·‰····▒ ▒!·!·!·!·▒ ▒!··!···· ▒··y··‰· ▒yyyy·· yyyyy yyy ▒▒◼▒ ▒y♣▒ ▒··▒▒ ▒·▒ ▒·· ▒· ▒· ▒ Turn 14684 on D:10: gotem ▒·!·‰····▒ ▒!·!·!·!·▒ ▒!··!···· ▒··y··‰· ▒yyyy·· yyyyy yyy ▒▒◼▒ ▒‰@▒ ▒··▒▒ ▒·▒ ▒·· ▒· ▒· ▒ Turn 14815 on D:10: those potions are ambrosia ▒▒▒▒▒▒·)‰················◦◦◦◦◦◦◦◦ ▒························◦◦◦◦◦◦◦◦ ▒························◦◦◦◦◦◦◦◦ ▒························◦◦◦◦◦◦◦◦ ▒◼▒▒▒▒···················◦◦◦◦◦◦◦◦ ·◦░◦◦▒···················◦◦◦◦◦◦◦◦ ·◦░◦◦▒···················◦◦◦◦◦◦◦◦ ◦◦░◦◦▒·········(·········◦◦◦◦◦◦◦◦ ◦◦░◦◦▒··········@[·······◦◦◦◦◦◦◦◦ ◦◦░◦◦▒···················◦◦◦◦◦◦◦◦ ◦◦░◦◦▒···················◦◦◦◦◦◦◦◦ ◦◦░◦◦▒·············?·····◦◦◦◦◦◦◦◦ ◦◦░◦◦▒···················◦◦◦◦◦◦◦◦ ◦◦░◦◦▒···················◦◦◦◦◦◦◦◦ ◦◦░◦◦▒········▒▒▒▒▒▒▒····░░◦◦◦◦◦◦ ◦◦░◦◦░······ᛟ▒░░░░░░░▒▒▒▒░░◦◦◦◦◦◦ ◦◦░◦◦░◦◦·····░░░◦◦◦░░░░ ░░◦◦◦◦◦◦ Turn 16073 on D:11: hi ····◦◦◦◦·····)·······▒ ····◦◦◦◦·············▒ ····◦◦◦◦·············▒ ····◦◦◦◦·············▒ ·y··◦◦◦◦·············▒ ····◦◦◦◦·············▒ ··y·◦◦◦◦·············▒ ···◦◦◦»◦e············▒ ◦◦◦◦◦◦◦◦·····h··@····▒ ◦◦◦◦◦◦◦◦·············▒ ◦◦◦◦◦◦◦◦·············▒ ◦◦◦◦◦◦◦◦·············▒ ◦◦◦◦◦◦◦◦·············▒ ◦◦◦◦◦◦◦◦······!······▒ ░░░◦◦◦◦░·····▒◼▒▒▒▒▒▒▒ ◦◦◦◦◦◦◦░·····░◦◦◦◦◦◦◦░ ◦◦◦◦◦◦◦░····◦░◦◦◦◦◦◦◦░ Turn 16099 on D:11: gr ···········?····················· ··················‰·············· ·········Z······················· ······▒▒▒▒▒▒▒‰···▒▒······»······· ·····▒▒░░░░░▒▒▒▒▒▒▒·············· ·····▒░░·◦◦░▒░░ ▒▒·············· ·)···▒░◦Y···▒·▒▒▒▒··············· ·····▒░◦D∩·kh·hh▒·▒·············· ·····▒░◦◦◦◦◦◦░░▒@▒▒····e········· ·····▒░░◦◦◦░◦░ ▒▒▒▒·············· ·····▒▒░░░░░░░▒▒▒▒▒▒▒▒····▒·····▒ ······▒▒▒▒▒▒▒▒▒···········▒·····░ ··························▒····◦░ ··························▒◦◦◦◦◦░ ·^························▒◦◦◦◦◦░ ▒▒▒▒▒▒▒▒▒▒▒▒▒▒▒▒▒▒▒▒▒▒▒▒▒▒▒░░░░░░ Turn 16304 on D:11: ... ░◦◦░░░░░◼░░◼░◼░░◦◦░░░◦◦◦░◦◦◦░ ◦◦◦░◦◦◦◦◦◦░◦◦◦◦◦◦◦◦◼◦◦◦◦░◦◦◦░ ◦◦◦◼◦◦◦◦◦◦░◦◦◦◦◦◦◦◦░◦◦◦◦░◦◦◦░ ◦◦◦░◦◦◦░◼░░░░░░░◦◦◦░◦◦◦◦░░░░░ ░░░░░░░░◦◦◦▒◦◦◦░◦◦◦░◦◦◦◦░◦◦◦░ ◦◦◦◦◦◦◦◼◦◦◦◼·◦◦░◦◦◦░◦◦◦◦◼◦◦◦░ ◦◦◦◦◦◦◦░◦◦◦▒··◦░◦◦◦░◦◦◦◦░◦◦◦░ ◦░◦◦◦░░░░◦◦▒···▒▒▒▒▒▒░░░░░░░░ ◦░◦◦◦◦◦◦░◦◦▒····@···▒◦◦◦◦◦◦◦░ ◦░◦◦◦◦◦◦░◦◦▒········▒◦◦◦◦◦◦◦░ ◦░◦◦◦◦◦◦░◦◦▒·····C··▒◦◦◦◦◦◦◦░ ░░░░░◦◦░░░░▒▒⸬▒▒▒▒▒▒▒◦◦◦░◦◦◦░ ◦◦◦◦░◦◦◼◦◦◦◦◼·◦◦░◦◦◦◦◦◦◦░◦◦◦░ ◦◦◦◦░◦◦░◦◦◦◦▒◦◦◦░◦◦◦◦◦◦◦░◦◦◦░ ░░░◦░░░░░◦◦░░░◼░░◼░░░░░░░◦◦◦░ «◦◼◦◦░◦◦◦◦◦░◦◦◦◦◦◦◦◼◦◦◦◦◼◦◦◦░ ◦◦░◦◦░◦◦◦◦◦░◦◦◦◦◦◦◦░◦◦◦◦░◦◦◦░ Turn 16308 on D:11: ow

◦◦◦◦◦░░◦·❦Y❦···▒▒▒▒▒▒▒▒▒···▒·❋·▒◦
◦◦◦◦◦░◦◦···············⸬C··⸬❋❋❋▒◦
◦◦◦░◦◦◦◦·❦··❦····C·····▒···▒C❋❋▒◦
◦░◦◦◦░◦◦◦····▒▒·(▒···▒▒▒▒··▒❋❋❋▒▒
◦░◦◦◦◦◦◦◦◦◦◦◦◦▒·Y▒······▒·$▒····(
◦░◦◦◦◦◦◦◦◦◦◼◦◦▒··▒······▒··▒·····
◦░◦◦◦◦░◦◦◦◦░◦◦▒··▒······▒··▒·····
◦░◦◦░░░░◼░░░◼░▒▒▒▒▒▒▒··▒▒▒▒▒▒⸬▒▒▒
◦◼◦◦░◦◦◦◦◦◦◦◦◦▒·@···▒··◼◦◦◦◦◼··◦░
◦░>◦░◦◦◦◦◦◦◦◦◦▒·····▒··▒◦◦◦◦▒[·◦░
◦░░░░░░◼░░░░◼░▒▒▒▒▒·▒▒▒▒░◦◦░▒▒⸬░░
◦░◦◦◼◦◦◦◦◦◦░◦◦◦◦«◦◼◦·▒◦◦◦◦◦░◦◦◦◦◦
◦░◦◦░◦◦◦◦◦◦▒◦◦◦◦◦◦░◦◦▒◦◦◦◦◦░◦◦◦◦◦
◦▒▒▒▒▒▒▒▒··▒░░░◦◦░░◦░░░░░░░░░░◦◦░
▒▒·········▒◦◦◦◦◦░◦>◦◦◦░◦◦◼◦◦◼◦◦◦
···(·······▒◦◦◦◦◦░◦◦◦◦◦░◦◦░◦◦░◦◦◦
(▒(▒▒▒▒▒▒▒▒▒▒▒▒▒▒▒◼▒░░░░◦◦░░░░░░░


Turn 16341 on D:11: cool play ▒···▒▒▒ ▒▒·▒▒ ▒········ ▒⸬▒▒▒▒▒▒▒▒▒ ▒··▒ ▒········
)·)·······▒▒▒ ▒▒▒▒·▒▒▒▒ ▒·«······ ··········⸬·▒ ▒·······▒▒▒)·······
(·········▒·▒ ▒·······▒·)[······· ··········▒·▒▒▒·········▒[·······
··········▒···▒·······▒▒▒········ ··········▒▒▒·▒·······▒ ▒········ ··········▒
▒···@·····▒ ▒········ ··········▒ ▒▒▒·······▒ ▒·······> ▒▒▒▒▒▒⸬▒▒▒▒ ▒·······▒
▒·······‰ ▒··!···▒ ▒▒▒▒▒▒·▒▒ ▒▒▒▒·▒▒▒▒ ▒⸬▒▒▒▒▒▒▒ ▒·▒ ▒·▒▒▒ ··[·····▒ ▒▒▒·▒ ▒···▒
········▒ ▒···▒ ▒▒▒▒·▒▒ ···(····▒ ▒▒▒▒▒▒▒⸬▒▒▒ ▒······ ········▒ ▒·········▒
▒······ Turn 16514 on D:10: wow cursed floor ··▒······························
··▒······························ ··▒······························
··▒······························ [·▒········▒▒▒▒▒▒▒····▒▒······»··
··▒·······▒▒▒▒▒▒░▒▒▒▒▒▒▒········· ··▒·······▒▒▒···▒▒▒▒ ▒▒·········
··▒···)···▒▒····h▒·▒▒▒▒·········· ··▒·······▒▒··∩·@‰···▒·▒·········
··▒·······▒▒······▒▒▒·▒▒········· ··▒·······▒▒▒···▒·▒ ▒▒▒▒·········
··▒·······▒▒▒▒▒▒▒▒▒▒▒▒▒▒▒▒▒····▒· ··▒········▒▒▒▒▒▒▒▒▒···········▒·
··▒····························▒· ··▒····························▒·
··▒···^························▒· ▒▒▒▒▒▒▒▒▒▒▒▒▒▒▒▒▒▒▒▒▒▒▒▒▒▒▒▒▒▒▒▒▒ Turn 18355
on D:11: why ·· ❦··· ·· ▒···▒ [▒▒ ▒···· ··▒▒ ▒···· ·Y· ◼ ▒···· ··▒ ·· · ▒····
··▒·▒ ··Y▒···❦▒▒▒····▒ ··YY··Y···@··▒·▒· ······Y·<·········· ···············▒···
·············▒▒···· ··············▒ ◼·· ····▒·▒▒▒▒·····▒ · ··· ▒▒ ▒·····▒ ··
▒·····❦· · ▒······· Turn 18696 on Lair:1: a second pack ················▒▒
·················▒ ····‰············▒ ················▒▒ ················▒▒
·················▒ ·················▒ ················▒▒ ··············‰·@▒
▒··▒▒·▒▒▒▒▒▒▒··?▒▒ ·▒·····▒· ▒·❦··▒ ················· ················▒▒ ····▒▒▒
▒▒▒▒▒···❦ ·▒▒▒▒ ▒···· ··▒▒▒▒▒▒ ▒···▒ ····▒··▒▒▒▒·▒▒·· Turn 22018 on Lair:2: nice
····▒···▒▒▒◼▒▒▒▒·▒▒··▒ ····▒···▒············▒ ····◼···▒············▒
····▒···▒············▒ ····▒···▒······)·····▒ ····▒···▒▒▒▒·▒▒··▒▒··▒
····▒···▒▒▒▒·▒▒▒⸬▒▒▒▒▒ ····▒·············▒··▒ ····▒···········@·⸬··▒
····▒··▒▒·▒▒·▒▒··▒▒··▒ ····▒··▒▒▒▒▒·▒▒▒◼▒▒▒▒▒ ····▒················▒
····⸬·)··············▒ ····▒················▒ ····▒················▒
····▒▒▒▒▒▒▒▒◼▒▒·▒▒▒··▒ ······▒▒▒▒▒··▒▒·▒▒▒··▒ Turn 23028 on D:7: Good acquire
····▒ ▒·······❦···❦▒··▒ ····▒ ▒▒·····▒▒·······▒▒ ···· ▒······▒▒❦·▒▒····▒ ···
▒······▒·····▒··▒▒ · ▒▒···············▒ ▒▒··········<···▒ ▒·❦···········▒▒
▒▒·············▒ ▒··@▒▒❦▒▒·▒·▒··▒ ·········▒▒▒▒▒··▒····▒ ·········▒ ▒·▒▒▒···▒
········$) ··· ◼··▒▒ ·········· ··· ···▒ ··········▒ ···▒▒ ··· ·(········▒ ···▒
▒▒ ··········▒▒···▒ ··········▒ Turn 23185 on Lair:3: yes
································· ································· ·········
··············❦····· ········· ▒··▒▒······▒··❦▒·▒·· ⸬▒·❦·▒··▒·▒ ▒▒▒
▒····▒▒·▒·▒▒▒▒·· ····▒▒ ▒··▒▒·▒▒▒····▒▒···▒▒▒▒·· ···❦▒ ▒·····❦▒·····▒▒·········
···▒▒ ▒▒❦····D▒···········▒▒▒·· ···▒▒···▒▒▒····◼@·····▒▒▒· ▒▒·· ········▒
▒····▒·▒····▒ ▒··· ▒▒▒▒·▒··▒ ▒▒▒···▒▒··^·▒▒ ▒··· ▒▒ ▒▒···▒▒
▒··▒▒▒·····▒▒▒▒▒▒▒▒·· ·▒▒▒·▒···▒▒▒▒▒◼▒▒················
································· ····························>····
································· ▓▓······❦❦❦▒▒▒··❦················ Turn 23897
on Lair:3: hm kinda want an lbolt rn ··▒ ▒· ··· ··· ▒·▒▒▒ ···· ▒▒·▒·▒ ▒YY▒ ▒····
▒··· ▒···▒ ·Y·▒ · ▒❦··▒ ▒···▒··· ▒❦Y·▒▒▒▒·Y···/▒· ▒@YY·Y·Y·Y······
▒▒▒····▒········ ▒·▒··▒▒▒······▒ ▒▒▒▒▒▒ ▒··▒▒▒▒ ···· ····· ···▒ ··▒▒ ·· Turn
29587 on Lair:6: ruhroh Y·▒ ▒▒▒▒▒ ··· ▒·▒▒· ··▒ ▒▒·❦·· ··▒ ▒▒▒▒▒▒▒▒❦····
≣··▒▒▒▒▒······▒····· ···▒▒·············· ≣··▒··▒···▒········ ≣··▒▒··············
≣·@·▒▒▒··❦·▒·▒▒···▒ ≣≣···▒ ▒▒···▒▒▒▒▒▒▒▒ ≣····▒▒▒···▒▒ ▒▒▒ ≣≣···‱·▒▒··<·▒ ▒▒··
≣≣≣·····❦·▒▒···▒▒▒▒▒·▒· ≣··❦·········▒▒▒▒·▒···· ···············▒▒·······
▒▒▒▒·❦·········❦▒▒▒·····▒ ▒▒▒·▒▒▒·······❦··▒▒▒▒···▒·▒ Turn 31009 on Lair:6: oh
its this one ▒▒▒▒▒▒ ▒▒····▒▒▒▒▒▒▒ ▒▒▒ ▒▒··········❦▒▒ ▒▒▒·❦▒▒··❦·······‱··▒
▒··❦····≣≣≣≣≣≣≣······ ▒▒··♣·≣≣≣···‱ ≣≣≣···· ▒····‱······ ≣≣≣·· ▒‰@········ ≣≣≣
▒·≣✢∘···≣≣≣ ≣ ▒‱≣≣·❋❋❋≣ ▒··≣≣·❋❋▒ ▒···≣·✢❋❋· ▒···≣≣·⁑❋·· ▒····≣ ··⁑· ▒▒···≣≣≣···
▒·····≣≣≣≣≣ ≣ Turn 31666 on Lair:6: ladies n gentlemen, we gotem ▒·····▒ ▒▒
▒▒······ ····$·· ▒·▒▒ ▒▒▒▒··· ❋····o· ···▒▒ ▒ ▒··· o······▒ ····▒▒$▒ ▒▒·▒
········ ······ · ▒▒▒ ········ ····▒··· ▒▒·▒ ······O·▒········ ▒···
>··············▒ ▒▒·· ········@▒ ▒▒▒ ···▒·········▒ ▒▒·▒ ▒▒···$···▒▒ ▒···
········▒·▒ ▒▒·· ··········· ·▒ ▒▒▒ ·····▒····T·· ▒ ▒ ·····▒▒·▒▒··▒▒ ···· ·▒ ···
···· · ··▒▒ Turn 33971 on Orc:1: oop ·························▒
·························▒ ·························▒ ·························▒
·················)·······▒ ·························▒ ·························▒
·························▒ ················@········▒ ·························▒
·························▒ ··▒▒······»··············▒ ▒▒▒▒················<····▒
▒▒·····················▒ ▒▒▒······e···············▒ ·▒·▒·····················▒
▒·▒▒·····················▒ Turn 35887 on D:11: ok lets go ······▒▒··▒▒$
·····^······▒▒ ·············▒▒ · ··[···········▒·· ·················
··········o······ ·······(·cc······ ··▒······ಠc······ ········@oco·····
▒▒······▒▒······· ▒·($▒▒▒ ····▒·· ▒▒▒ ··▒▒ ··▒ ▒▒ Turn 41363 on D:15: hm ▒▒▒▒
▒·@▒ ▒··D···▒ ···/··O·O· ··················· ············oo····y· ·······
▒▒▒·OOO······ ······ ▒▒····O····· z····▒ ▒▒··o······· ·····▒ ▒o····y····· Turn
41364 on D:15: cursed ▒▒▒ ▒·▒ ▒O▒▒ ▒∆▒ ▒▒O▒ ▒▒∆▒ ▒▒@▒▒ ▒▒y▒▒ ▒▒·▒▒ ▒▒O▒▒ ▒▒o▒▒
▒▒O▒▒ ▒▒·▒▒ ▒▒o▒▒ ▒▒▒·▒▒ Turn 41422 on D:15: oh he's no longer flamed ▒▒▒ ▒▒▒
▒·▒▒ ▒▒·▒ ▒▒·▒▒ ▒▒·▒▒ ▒▒@▒▒ ▒▒·▒▒ ▒▒z▒▒▒[▒▒ ▒▒D▒)▒▒ ▒▒)▒▒ ▒▒·▒▒ ▒▒·▒▒ ▒▒·▒▒
▒▒z▒▒ ▒▒·▒▒ Turn 41805 on D:15: why ▒▒▒▒▒ ▒▒·▒▒ ▒ ▒▒·▒▒ ▒ ▒▒·▒▒ ▒ ▒▒·▒▒ ▒ ▒▒▒·▒▒
▒▒▒▒▒▒·(▒▒▒▒ ·▒··)··(▒▒·▒ ▒▒▒▒ ·|·······▒·▒▒▒▒▒▒··▒▒ ▒▒
············▒·▒▒@···▒··▒▒▒ ············▒··▒▒········▒ ▒▒············✱▒▒((···▒···
▒▒·············(·▒···▒·· ▒▒···········(·········· ▒··········((····▒·····ω
▒▒·▒···)·········▒······ ▒··▒▒··c·c·(·····▒ ····· ·········c········▒▒ ·▒▒· Turn
42343 on D:15: oh, thats the issue ▒▒····▒ ▒▒····=▒ ▒ ▒▒▒·····▒▒ ·▒▒ ▒▒·······▒▒
··▒▒ ▒▒·········▒ ····▒▒ ▒··········▒▒ ▒·····▒· ▒····▒▒▒···(·▒▒······@· ▒·$··▒
▒▒····▒········· ▒···▒ ▒····@··/)··▒·· ▒···▒ ▒▒▒·<··▒▒···▒ ··▒▒ ▒·····▒▒ ···▒ ·▒
▒····▒▒▒ ··▒ ▒···❋▒▒▒ ·▒ ▒····‱· ▒ ······· ······ ···▒·· Turn 43838 on Snake:1:
hi ▒▒····▒▒▒ ··▒ ▒····▒▒▒ ··▒ ▒····‱··▒▒ ··▒▒ ··········▒ ▒···▒▒▒ ···········
▒······ ···▒····❋·@▒▒ ······· ·▒▒▒▒▒▒·····▒▒···▒ ▒·······▒ ▒▒···@··▒ ▒·····?▒▒▒
·······▒▒▒ ▒▒▒··▒▒▒▒ ···· ···· ▒▒··· ▒▒▒ Turn 43940 on Snake:1: why do those
explode bigger

Skill      XL: |  1  2  3  4  5  6  7  8  9 10 11 12 13 14 15 16 |
---------------+-------------------------------------------------+-----
Stealth        | 2 3 |  3.0
Air Magic      | 4 5 6 7 9 10 12 14 | 14.0
Conjurations   | 2 3 4 6 7 9 10 12 14 16 | 16.0
Fighting       | 2 4 7 8 10 11 12 | 12.0
Dodging        | 3 6 7 8 10 11 12 | 12.0
Spellcasting   | 4 5 6 7 |  7.3
Armour         | 4 8 |  8.0
Ice Magic      | 4 8 9 |  9.0
Staves         | 3 7 13 | 13.2

Action                   |  1- 3 |  4- 6 |  7- 9 | 10-12 | 13-15 | 16-18 || total
-------------------------+-------+-------+-------+-------+-------+-------++-------
Melee: Short sword       |    23 |       |       |       |       |       ||    23
       Quarterstaff      |       |    23 |    26 |    80 |   242 |       ||   371
       Staff             |       |       |       |       |    18 |    39 ||    57
       Lajatang          |       |       |       |       |   171 |   173 ||   344
 Cast: Shock             |    56 |   132 |   218 |    66 |       |       ||   472
       Swiftness         |       |     3 |     4 |     5 |     4 |     1 ||    17
       Static Discharge  |       |     3 |    34 |   120 |   146 |    42 ||   345
       Airstrike         |       |       |    19 |   123 |   286 |    64 ||   492
       Lightning Bolt    |       |       |       |    31 |       |       ||    31
       Passwall          |       |       |       |     1 |     2 |       ||     3
       Freezing Cloud    |       |       |       |     1 |    72 |    14 ||    87
       Orb of Destructio |       |       |       |       |    26 |    19 ||    45
       Ozocubu's Refrige |       |       |       |       |    14 |       ||    14
       Conjure Ball Ligh |       |       |       |       |       |    21 ||    21
 Abil: Hop               |     3 |     2 |     4 |    15 |    19 |    11 ||    54
Evoke: Tin of tremorston |       |       |       |     1 |       |     2 ||     3
       Wand              |       |       |       |       |     2 |    18 ||    20
       Phial of floods   |       |       |       |       |       |     1 ||     1
  Use: Scroll            |     4 |     8 |    11 |    18 |    14 |     9 ||    64
       Potion            |       |       |     1 |     6 |       |    11 ||    18
 Stab: Sleeping          |     1 |       |       |       |     3 |     1 ||     5
       Paralysed         |       |       |       |       |     6 |       ||     6
       Confused          |       |       |       |       |     2 |       ||     2
Armor: Robe              |    20 |    21 |     8 |       |       |       ||    49
       Leather armour    |       |    14 |    34 |    12 |       |       ||    60
       Acid dragon scale |       |       |       |   118 |   195 |    85 ||   398
       Skin              |       |       |       |    26 |       |       ||    26
Dodge: Dodged            |    51 |    80 |   117 |   238 |   574 |   234 ||  1294

Table legend: (Time is in decaauts)
 A = Elapsed time spent in this place.
 B = Non-inter-level travel time spent in this place.
 C = Inter-level travel time spent in this place.
 D = Time resting spent in this place.
 E = Time spent auto-exploring this place.
 F = Levels seen in this place.
 G = Mean time per level.
                   A        B        C        D        E       F      G
               +--------+--------+--------+--------+--------+-----+--------+
         Total |  47637 |  44922 |   2715 |  21816 |  15473 |  25 | 1905.5 |
       Dungeon |  29640 |  27693 |   1947 |  13161 |   9226 |  15 | 1976.0 |
        Temple |    137 |    137 |      0 |    136 |      0 |   1 |  137.0 |
          Lair |  13562 |  12940 |    622 |   6361 |   5231 |   6 | 2260.3 |
     Snake Pit |    220 |    220 |      0 |    108 |     20 |   1 |  220.0 |
  Orcish Mines |   4076 |   3932 |    144 |   2048 |    995 |   2 | 2038.0 |
               +--------+--------+--------+--------+--------+-----+--------+

Top non-repeatable levels by time:
  Lair:4: 3678 daAuts
    D:11: 3350 daAuts
     D:8: 2976 daAuts
   Orc:1: 2491 daAuts
  Lair:6: 2363 daAuts
    D:10: 2358 daAuts
  Lair:5: 2263 daAuts
    D:13: 2256 daAuts
    D:14: 2172 daAuts
     D:5: 2016 daAuts
    D:15: 1948 daAuts
     D:6: 1906 daAuts
     D:2: 1897 daAuts
  Lair:3: 1844 daAuts
  Lair:1: 1821 daAuts

Vanquished Creatures
  Gastronok (Lair:2)
  Louise (Snake:1)
  A fire dragon (D:15)
  Harold (D:8)
  3 ice dragons
  Fannar (D:11)
  Erolcha (Orc:1)
  5 ogre magi
  3 vault guards (D:14)
  9 hydras
  A boulder beetle (D:15)
  A catoblepas (Lair:6)
  2 anacondas
  Erica (Lair:2)
  6 centaur warriors
  21 two-headed ogres
  A deep troll shaman (Lair:6)
  15 death yaks
  2 tengu warriors
  10 skeletal warriors
  A fire crab (shapeshifter) (D:15)
  An unseen horror (D:10)
  2 wizards (D:14)
  A lindwurm (Lair:6)
  2 orc knights
  A necromancer (D:14)
  A cyclops (D:11)
  A mana viper (Snake:1)
  2 manticores
  15 ugly things
  2 orc sorcerers
  8 elephants
  Maurice (D:8)
  4 centaur zombies
  A merfolk siren (Lair:2)
  3 gargoyles
  11 cane toads
  9 black mambas
  A torpor snail (Lair:6)
  Psyche (D:9)
  6 komodo dragons
  3 rime drakes
  Maggie (D:8)
  An efreet (D:14)
  A kobold demonologist (D:11)
  A yaktaur (D:14)
  2 redback zombies (D:15)
  3 trolls
  A meliai (shapeshifter) (D:15)
  A hornet (shapeshifter) (D:14)
  8 polar bears
  9 blink frogs
  3 slime creatures (D:13)
  4 basilisks
  2 wraiths
  3 wyverns
  Grum (D:11)
  33 yaks
  16 humans (D:14)
  A steam dragon (D:9)
  6 wargs
  6 vampire mosquitoes
  14 two-headed ogre zombies (Orc:1)
  2 acid dragons (D:14)
  49 water moccasins
  A soldier ant (D:15)
  A sky beast (D:12)
  2 phantoms
  2 hornet zombies
  29 orc warriors
  5 black bears
  3 necrophages (D:12)
  2 ice beasts
  45 ogres
  An eye of draining (D:15)
  39 wolves
  13 centaurs
  6 big kobolds
  14 bullfrogs
  2 wyvern skeletons
  2 wyvern zombies
  7 scorpions
  19 killer bees
  18 wights
  A howler monkey (D:8)
  2 electric eels
  2 bullfrog zombies
  A lava snake (D:8)
  3 hounds
  4 jellies
  13 orc priests
  3 centaur skeletons
  Crazy Yiuf (D:2)
  23 orc wizards
  A bullfrog skeleton (D:4)
  3 iguanas
  12 worker ants
  A hound skeleton (D:8)
  3 gnolls (D:6)
  15 adders
  3 shadow imps
  A white imp (D:9)
  An ufetubus (D:5)
  7 oozes (D:2)
  4 adder skeletons
  3 worms
  4 dart slugs
  5 leopard geckos
  104 orcs
  A ball python (D:3)
  9 bats
  7 giant cockroaches
  12 goblins
  3 hobgoblins
  8 jackals
  35 kobolds
  5 quokkas
  6 frilled lizards
  A jackal skeleton (D:4)
  A leopard gecko skeleton (D:4)
  A leopard gecko zombie (D:8)
  2 quokka zombies
  9 rats
  A lurking horror (Lair:4)
863 creatures vanquished.

Vanquished Creatures (others)
  A skeletal warrior (D:15)
  48 ball lightnings
  2 bushes
  79 fungi
  105 plants
  14 toadstools (D:2)
249 creatures vanquished.

Grand Total: 1112 creatures vanquished
